NWL (28 & UNDER)
BALZAC RAMS @ CULVER CITY EXTRAS
06/23/2029
 
TOP OF THE 1ST
Balzac Rams batting - Pitching for Culver City Extras : LHP Dennis Morales
Pitching: LHP Dennis Morales
Batting: SHB Emílio Calvillo 0-0: Ball
1-0: Called Strike
1-1: Swinging Strike
1-2: Ball
2-2: Strikes out swinging
Batting: RHB Tommy Wilson 0-0: Ball
1-0: Ball
2-0: Called Strike
2-1: Ball
3-1: Base on Balls
Batting: RHB Gunner Allen 0-0: Swinging Strike
0-1: Ball
1-1: Ball
2-1: Foul Ball, location: 2F
2-2: Ball
3-2: Base on Balls
Tommy Wilson to second
Batting: RHB Ken Longoria 0-0: Ball
1-0: Foul Ball, location: 2F
1-1: Foul Ball, location: 2F
1-2: Ball
2-2: Strikes out swinging
Batting: RHB Santiago Rivera 0-0: SINGLE (Line Drive, 7S)
Tommy Wilson to third
Gunner Allen to second
Batting: LHB Troy Jackson 0-0: Called Strike
0-1: Fielders Choice at 2nd, 5-4 (Groundball, 56)
Top of the 1st over - 0 runs, 1 hit, 0 errors, 3 left on base; Balzac 0 - Culver City 0
BOTTOM OF THE 1ST
Culver City Extras batting - Pitching for Balzac Rams : RHP John Wells
Pitching: RHP John Wells
Batting: RHB Horace Johnson 0-0: Ball
1-0: Called Strike
1-1: Foul Ball, location: 2F
1-2: Ball
2-2: SINGLE (Groundball, 4MD)
Batting: RHB Mitchell Darragh 0-0: Foul Ball, location: 2F
0-1: Ball
1-1: Grounds into double play, 4-6-3 (Groundball, 4)
Batting: LHB Randy Wiggins 0-0: Foul Ball, location: 2F
0-1: Foul Ball, location: 2F
0-2: Ball
1-2: Fly out, F1 (Line Drive, 13)
Bottom of the 1st over - 0 runs, 1 hit, 0 errors, 0 left on base; Balzac 0 - Culver City 0
TOP OF THE 2ND
Balzac Rams batting - Pitching for Culver City Extras : LHP Dennis Morales
Batting: RHB Jason Ward 0-0: Ball
1-0: Called Strike
1-1: Swinging Strike
1-2: Strikes out swinging passed ball, reaches first!
Batting: RHB Lorenzo Silva 0-0: Ball
1-0: Foul Ball, location: 2F
1-1: Ball
2-1: SINGLE (Groundball, 6D)
Jason Ward to second
Batting: LHB Rodney Harrison 0-0: Ball
1-0: Grounds into double play, 4-6-3 (Groundball, 4M)
Jason Ward to third
Batting: SHB Emílio Calvillo 0-0: Foul Ball, location: 2F
0-1: Foul Ball, location: 2F
0-2: Ball
1-2: Ball
2-2: DOUBLE (Line Drive, 9D)
Jason Ward scores
Batting: RHB Tommy Wilson 0-0: Called Strike
0-1: Ball
1-1: Foul Ball, location: 2F
1-2: Strikes out swinging
Top of the 2nd over - 1 run, 2 hits, 0 errors, 1 left on base; Balzac 1 - Culver City 0
BOTTOM OF THE 2ND
Culver City Extras batting - Pitching for Balzac Rams : RHP John Wells
Batting: LHB Tony Smith 0-0: Ground out 5-3 (Groundball, 56)
Batting: SHB Joey Boyd 0-0: Ball
1-0: Ground out 6-3 (Groundball, 6)
Batting: LHB Buddy Rice 0-0: Ball
1-0: Ball
2-0: Ball
3-0: Base on Balls
Batting: RHB Clarence Harrison 0-0: Ball
1-0: SINGLE (Line Drive, 3)
Buddy Rice to second
Runner from 2nd tries for 3rd, SAFE, no throw
Batting: RHB Pancho Reyna 0-0: Fly out, F5 (Popup, 5F)
Bottom of the 2nd over - 0 runs, 1 hit, 0 errors, 2 left on base; Balzac 1 - Culver City 0
TOP OF THE 3RD
Balzac Rams batting - Pitching for Culver City Extras : LHP Dennis Morales
Batting: RHB Gunner Allen 0-0: Ball
1-0: Ball
2-0: Called Strike
2-1: Ball
3-1: Foul Ball, location: 2F
3-2: SINGLE (Flyball, 7LS)
Batting: RHB Ken Longoria 0-0: Ball
1-0: Ball
2-0: Foul Ball, location: 2F
2-1: Swinging Strike
2-2: DOUBLE (Groundball, 3L)
Gunner Allen to third
Batting: RHB Santiago Rivera 0-0: Ball
1-0: Called Strike
1-1: Ball
2-1: Foul Ball, location: 2F
2-2: Ball
3-2: Strikes out swinging
Batting: LHB Troy Jackson 0-0: Ball
1-0: Ball
2-0: Called Strike
2-1: Foul Ball, location: 2F
2-2: Strikes out swinging
Batting: RHB Jason Ward 0-0: Ball
1-0: Called Strike
1-1: Foul Ball, location: 2F
1-2: Strikes out looking
Top of the 3rd over - 0 runs, 2 hits, 0 errors, 2 left on base; Balzac 1 - Culver City 0
BOTTOM OF THE 3RD
Culver City Extras batting - Pitching for Balzac Rams : RHP John Wells
Batting: RHB Marcos Lińares 0-0: Called Strike
0-1: Ball
1-1: Ball
2-1: Fly out, F8 (Flyball, 8RM)
Batting: RHB Horace Johnson 0-0: Called Strike
0-1: Called Strike
0-2: Ball
1-2: Foul Ball, location: 2F
1-2: Ball
2-2: Fly out, F8 (Flyball, 8RXD)
Batting: RHB Mitchell Darragh 0-0: Ball
1-0: Called Strike
1-1: Foul Ball, location: 2F
1-2: Fly out, F7 (Flyball, 7D)
Bottom of the 3rd over - 0 runs, 0 hits, 0 errors, 0 left on base; Balzac 1 - Culver City 0
TOP OF THE 4TH
Balzac Rams batting - Pitching for Culver City Extras : LHP Dennis Morales
Batting: RHB Lorenzo Silva 0-0: Ball
1-0: Ball
2-0: Ball
3-0: Base on Balls
Batting: LHB Rodney Harrison 0-0: Called Strike
0-1: Swinging Strike
0-2: Ball
1-2: Ball
2-2: Fielders Choice at 2nd, 6-4 (Groundball, 6M)
Batting: SHB Emílio Calvillo 0-0: Foul Ball, location: 2F
0-1: Called Strike
0-2: Ball
1-2: Reached on error, E4 (Groundball, 34)
Rodney Harrison to second
Batting: RHB Tommy Wilson 0-0: Called Strike
0-1: Swinging Strike
0-2: Foul Ball, location: 2F
0-2: Ball
1-2: Ball
2-2: Strikes out swinging
Batting: RHB Gunner Allen 0-0: Ball
1-0: Ball
2-0: Foul Ball, location: 2F
2-1: Ball
3-1: Foul Ball, location: 2F
3-2: Foul Ball, location: 2F
3-2: Strikes out swinging
Top of the 4th over - 0 runs, 0 hits, 1 error, 2 left on base; Balzac 1 - Culver City 0
BOTTOM OF THE 4TH
Culver City Extras batting - Pitching for Balzac Rams : RHP John Wells
Batting: LHB Randy Wiggins 0-0: Ground out 4-3 (Groundball, 4)
Batting: LHB Tony Smith 0-0: Ball
1-0: Ball
2-0: Swinging Strike
2-1: Called Strike
2-2: Strikes out swinging
Batting: SHB Joey Boyd 0-0: Fly out, F9 (Flyball, 9)
Bottom of the 4th over - 0 runs, 0 hits, 0 errors, 0 left on base; Balzac 1 - Culver City 0
TOP OF THE 5TH
Balzac Rams batting - Pitching for Culver City Extras : LHP Dennis Morales
Pitching: LHP Marcos Ortíz
Batting: RHB Ken Longoria 0-0: Fly out, F4 (Popup, 4D)
Batting: RHB Santiago Rivera 0-0: Swinging Strike
0-1: Ground out 5-3 (Groundball, 56S)
Batting: LHB Troy Jackson 0-0: Foul Ball, location: 2F
0-1: Ball
1-1: Swinging Strike
1-2: Foul Ball, location: 2F
1-2: SOLO HOME RUN (Line Drive, 7D), Distance : 380 ft
Batting: RHB Jason Ward 0-0: Ball
1-0: Swinging Strike
1-1: Called Strike
1-2: Ball
2-2: Strikes out swinging
Top of the 5th over - 1 run, 1 hit, 0 errors, 0 left on base; Balzac 2 - Culver City 0
BOTTOM OF THE 5TH
Culver City Extras batting - Pitching for Balzac Rams : RHP John Wells
Batting: LHB Buddy Rice 0-0: Called Strike
0-1: Ball
1-1: Called Strike
1-2: Ball
2-2: Ground out 4-3 (Groundball, 4)
Batting: RHB Clarence Harrison 0-0: Ball
1-0: Called Strike
1-1: Ball
2-1: SINGLE (Groundball, 4MD)
Batting: RHB Pancho Reyna 0-0: Ball
1-0: Ball
Clarence Harrison steals 2nd base
2-0: Swinging Strike
2-1: Ball
3-1: Base on Balls
Batting: RHB Marcos Lińares 0-0: Ball
1-0: Reached on error, E5 (Groundball, 56S)
Clarence Harrison to third
Pancho Reyna to second
Batting: RHB Horace Johnson 0-0: Called Strike
0-1: Swinging Strike
0-2: Foul Ball, location: 2F
0-2: Ball
1-2: Foul Ball, location: 2F
1-2: Foul Ball, location: 2F
1-2: Ball
2-2: Ball
3-2: Foul Ball, location: 2F
3-2: Foul Ball, location: 2F
3-2: DOUBLE (Groundball, 5L)
Clarence Harrison scores
Pancho Reyna scores
Marcos Lińares to third
Runner from 3rd tries for Home, SAFE, no throw
Batting: RHB Mitchell Darragh 0-0: Fly out, F3 (Popup, 23F)
Batting: LHB Randy Wiggins 0-0: Foul Ball, location: 2F
0-1: Ball
1-1: Ball
2-1: Foul Ball, location: 2F
2-2: SINGLE (Groundball, 56D)
Horace Johnson to third
Runner from 3rd tries for Home, SAFE, throw made home
Batting: LHB Tony Smith 0-0: Ball
1-0: Ball
2-0: Called Strike
2-1: Foul Ball, location: 2F
2-2: Foul Ball, location: 2F
2-2: Ball
3-2: Foul Ball, location: 2F
3-2: SINGLE (Groundball, 56D)
Randy Wiggins to second
Randy Wiggins to third
Batting: SHB Joey Boyd 0-0: Fly out, F8 (Line Drive, 8RD)
Bottom of the 5th over - 4 runs, 4 hits, 1 error, 2 left on base; Balzac 2 - Culver City 4
TOP OF THE 6TH
Balzac Rams batting - Pitching for Culver City Extras : LHP Marcos Ortíz
Batting: RHB Lorenzo Silva 0-0: Ball
1-0: Swinging Strike
1-1: Ground out 5-3 (Groundball, 56)
Batting: LHB Rodney Harrison 0-0: Swinging Strike
0-1: Swinging Strike
0-2: Strikes out swinging
Batting: SHB Emílio Calvillo 0-0: Called Strike
0-1: Foul Ball, location: 2F
0-2: Ball
1-2: Strikes out swinging
Top of the 6th over - 0 runs, 0 hits, 0 errors, 0 left on base; Balzac 2 - Culver City 4
BOTTOM OF THE 6TH
Culver City Extras batting - Pitching for Balzac Rams : RHP John Wells
Batting: LHB Buddy Rice 0-0: Foul Ball, location: 2F
0-1: Ball
1-1: Fly out, F7 (Line Drive, 7)
Batting: RHB Clarence Harrison 0-0: Fly out, F4 (Line Drive, 4)
Batting: RHB Pancho Reyna 0-0: Ball
1-0: Ball
2-0: Swinging Strike
2-1: Fly out, F7 (Flyball, 78S)
Bottom of the 6th over - 0 runs, 0 hits, 0 errors, 0 left on base; Balzac 2 - Culver City 4
TOP OF THE 7TH
Balzac Rams batting - Pitching for Culver City Extras : LHP Marcos Ortíz
Batting: RHB Tommy Wilson 0-0: Called Strike
0-1: Ball
1-1: Foul Ball, location: 2F
1-2: Foul Ball, location: 2F
1-2: Foul Ball, location: 2F
1-2: Foul Ball, location: 2F
1-2: Ball
2-2: Foul Ball, location: 2F
2-2: Ball
3-2: Foul Ball, location: 2F
3-2: Ground out 4-3 (Groundball, 4M)
Batting: RHB Gunner Allen 0-0: Ball
1-0: Foul Ball, location: 2F
1-1: Ball
2-1: Ball
3-1: Foul Ball, location: 2F
3-2: Strikes out swinging
Batting: RHB Ken Longoria 0-0: Called Strike
0-1: Called Strike
0-2: Strikes out swinging
Top of the 7th over - 0 runs, 0 hits, 0 errors, 0 left on base; Balzac 2 - Culver City 4
BOTTOM OF THE 7TH
Culver City Extras batting - Pitching for Balzac Rams : RHP John Wells
Batting: RHB Marcos Lińares 0-0: Ball
1-0: Ball
2-0: Ball
3-0: Called Strike
3-1: Foul Ball, location: 2F
3-2: Fly out, F8 (Line Drive, 78D)
Batting: RHB Horace Johnson 0-0: Foul Ball, location: 2F
0-1: Fly out, F9 (Flyball, 9)
Batting: RHB Mitchell Darragh 0-0: Ball
1-0: Ball
2-0: Ball
3-0: Base on Balls
Batting: LHB Randy Wiggins 0-0: Ball
Mitchell Darragh is caught stealing 2nd base
Bottom of the 7th over - 0 runs, 0 hits, 0 errors, 0 left on base; Balzac 2 - Culver City 4
TOP OF THE 8TH
Balzac Rams batting - Pitching for Culver City Extras : LHP Marcos Ortíz
Now at SS: Dave Anderson
Batting: RHB Santiago Rivera 0-0: Called Strike
0-1: Ball
1-1: Ball
2-1: Swinging Strike
2-2: Ball
3-2: Foul Ball, location: 2F
3-2: Strikes out looking
Batting: LHB Troy Jackson 0-0: Ball
1-0: Ball
2-0: Called Strike
2-1: Ground out 6-3 (Groundball, 56)
Batting: RHB Jason Ward 0-0: DOUBLE (Line Drive, 9LM)
Batting: RHB Lorenzo Silva 0-0: Foul Ball, location: 2F
0-1: Ball
1-1: Foul Ball, location: 2F
1-2: Strikes out swinging
Top of the 8th over - 0 runs, 1 hit, 0 errors, 1 left on base; Balzac 2 - Culver City 4
BOTTOM OF THE 8TH
Culver City Extras batting - Pitching for Balzac Rams : RHP John Wells
Pitching: RHP Manny Guerra
Batting: LHB Randy Wiggins 0-0: Called Strike
0-1: Swinging Strike
0-2: Ball
1-2: DOUBLE (Line Drive, 89D)
Batting: LHB Tony Smith 0-0: Intentional Walk
Pinch Hitting: LHB Jorge Martínez 0-0: Ball
1-0: Ball
2-0: Ball
3-0: Called Strike
3-1: Called Strike
3-2: Fly out, F8 (Line Drive, 89D)
Runner from 2nd tags up, SAFE at 3rd, no throw
Batting: LHB Buddy Rice 0-0: Fly out, F5 (Line Drive, 5)
Lined into DP, U5 (Line Drive, 5)
Bottom of the 8th over - 0 runs, 1 hit, 0 errors, 1 left on base; Balzac 2 - Culver City 4
TOP OF THE 9TH
Balzac Rams batting - Pitching for Culver City Extras : LHP Marcos Ortíz
Pitching: RHP Alejandro Longoria
Now in CF: Jorge Martínez
Batting: LHB Rodney Harrison 0-0: Ball
1-0: Called Strike
1-1: Foul Ball, location: 2F
1-2: Strikes out swinging
Batting: SHB Emílio Calvillo 0-0: Ground out U3 (Groundball, 34)
Batting: RHB Tommy Wilson 0-0: SINGLE (Groundball, 6S) (infield hit)
Batting: RHB Gunner Allen 0-0: Called Strike
0-1: Ball
1-1: Ground out 6-3 (Groundball, 6S)
Top of the 9th over - 0 runs, 1 hit, 0 errors, 1 left on base; Balzac 2 - Culver City 4
Saturday, December 16th, 2017 - OOTP Baseball 18.8 Build 76